 Dungeon Crawl Stone Soup version 0.29.1-1-gd02db6906a (webtiles) character file.

Game seed: 3072084013236264882

1367 sentinel the Magician (level 9, -7/68 HPs)
             Began as a Meteoran Earth Elementalist on Sept 30, 2022.
             Was a Follower of Cheibriados.
             Shot with an arrow by a centaur (9 damage)
             ... on level 8 of the Dungeon.
             The game lasted 00:09:23 (773 turns).

sentinel the Magician (Meteoran Earth Elementalist)  Turns: 773, Time: 00:09:23

Health: -7/68      AC:  6    Str: 11 (13) XL:     9   Next: 17%
Magic:  8/20       EV: 13    Int: 20 (23) God:    Cheibriados [*.....]
Gold:   0          SH:  0    Dex: 17 (19) Spells: 12/22 levels left

rFire   . . .      SeeInvis .   m - +3 hand axe (freeze)
rCold   . . .      Faith    .   (no shield)
rNeg    . . .      Spirit   .   a - +0 robe
rPois   .          Reflect  .   (no helmet)
rElec   .          Harm     .   (no cloak)
rCorr   .          Rampage  .   (no gloves)
Will    +....                   (no boots)
Stlth   +.........              (no amulet)
HPRegen 0.21/turn               c - ring of wizardry
MPRegen 0.17/turn               p - +4 ring of protection

@: mesmerised, hasted, glowing, quick
A: sense surroundings 2, otherworldly, glowing, explore regen
a: Renounce Religion, Bend Time


You were on level 8 of the Dungeon.
You worshipped Cheibriados.
Cheibriados was aware of your devotion.
You visited 2 branches of the dungeon, and saw 9 of its levels.

Inventory:

Hand Weapons
 m - a +3 hand axe of freezing (weapon)
Armour
 a - a +0 robe (worn)
Jewellery
 c - a ring of wizardry (left hand)
 k - a ring of fire
 p - a +4 ring of protection (right hand)
Scrolls
 g - a scroll of identify {unknown}
 h - a scroll of poison {unknown}
 i - a scroll of blinking {unknown}
 n - a scroll of enchant weapon {unknown}
Potions
 d - a potion of invisibility {unknown}
 e - 2 potions of degeneration
 j - a potion of brilliance {unknown}
 l - a potion of attraction {unknown}


   Skills:
 + Level 2.5 Fighting
 - Level 2.4 Dodging
 - Level 1.4 Stealth
 - Level 7.0 Spellcasting
 - Level 5.0 Conjurations
 + Level 7.0 Translocations
 - Level 1.2 Transmutations
 - Level 6.0 Earth Magic


You had 12 spell levels left.
You knew the following spells:

 Your Spells              Type           Power      Damage    Failure   Level
a - Sandblast             Erth           62%        2d14      1%          1
b - Stone Arrow           Conj/Erth      58%        3d10      1%          3
c - Passwall              Tmut/Erth      17%        N/A       1%          2
z - Passage of Golubria   Tloc           35%        N/A       2%          4

Your spell library contained the following spells:

 Spells                   Type           Power      Damage    Failure   Level
 Shock                    Conj/Air       68%        1d7       1%          1
 Petrify                  Tmut/Erth      21%        N/A       9%          4
 Swiftness                Air            7%         N/A       12%         3
 Tukima's Dance           Hex            7%         N/A       12%         3
 Airstrike                Air            3%         2d(1-17)  34%         4
 Yara's Violent Unravell  Hex/Tmut       4%         3d4       58%         5


Dungeon Overview and Level Annotations

Branches:
Dungeon (8/15) Zot: 6216   Temple (1/1) D:4 Zot: 714
   Lair: D:8-11

Altars:
Ashenzari
Cheibriados
Dithmenos
Elyvilon
Fedhas
Gozag
Hepliaklqana
Nemelex Xobeh
Qazlal
Ru
Trog
Uskayaw
Vehumet
Wu Jian
Xom
Yredelemnul
Zin
The Shining One

Annotations:
D:8 Maggie


Innate Abilities, Weirdness & Mutations

You passively map the area around you.
You are easily found by Zot.
You glow in the dark.
You regain HP and MP as you explore.


Message History

Aiming: Passage of Golubria (dangerous; 1% risk of failure)
Press: ? - help, Dir - move target Maggie shouts!
You hear a bark!
You hear a shout!
You hear a howl!
Casting: Passage of Golubria (dangerous; 1% risk of failure)
Confirm with . or Enter, or press ? or * to list all spells.
Aiming: Stone Arrow (safe; 1% risk of failure)
Press: ? - help, Shift-Dir - straight line, f - Maggie
Aim: Maggie, wielding a +1 vorpal morningstar, wearing +0 steam dragon scales and carrying a wand of roots (9) (74% to hit)
The stone arrow misses Maggie.
Maggie zaps a wand.
The roots erupt in riotous growth!
The grasping roots grab you! The grasping roots constrict you.
You hear a bark!
You hear a shout!
Casting: Stone Arrow (safe; 1% risk of failure)
Confirm with . or Enter, or press ? or * to list all spells.
Aiming: Stone Arrow (safe; 1% risk of failure)
Press: ? - help, Shift-Dir - straight line, f/p - Maggie
Aim: Maggie, wielding a +1 vorpal morningstar, wearing +0 steam dragon scales and carrying a wand of roots (8) (74% to hit)
The stone arrow hits Maggie!
Maggie is moderately wounded.
The grasping roots constrict you.
Casting: Stone Arrow (safe; 1% risk of failure)
Confirm with . or Enter, or press ? or * to list all spells.
Aiming: Stone Arrow (safe; 1% risk of failure)
Press: ? - help, Shift-Dir - straight line, f/p - Maggie
Aim: Maggie, wielding a +1 vorpal morningstar, wearing +0 steam dragon scales and carrying a wand of roots (8) (moderately wounded, 74% to hit)
The stone arrow hits Maggie!
Maggie is moderately wounded.
Maggie points at you and mumbles some strange words.
The bolt of fire hits you!! The grasping roots constrict you.
The grasping roots release their grip on you.
Casting: Stone Arrow (safe; 1% risk of failure)
Confirm with . or Enter, or press ? or * to list all spells.
Aiming: Stone Arrow (safe; 1% risk of failure)
Press: ? - help, Shift-Dir - straight line, f/p - Maggie
Aim: Maggie, wielding a +1 vorpal morningstar, wearing +0 steam dragon scales and carrying a wand of roots (8) (moderately wounded, 74% to hit)
The stone arrow hits Maggie!
Maggie is heavily wounded.
Maggie zaps a wand.
The roots erupt in riotous growth!
The grasping roots grab you!
Maggie is unaffected.
The grasping roots constrict you.
You hear a howl! x2
You escape the roots grasp.
You enter the passage of Golubria. 2 hounds, a gnoll, a howler monkey and a centaur come into view.
The hound barks! x2; The gnoll shouts!
The centaur shouts!
Maggie points at you and mumbles some strange words.
The bolt of fire misses you.
The centaur wields a +0 shortbow.
The centaur shoots an arrow.
The arrow closely misses you.
You hear a shout!
There is a passage of Golubria here.
Casting: Stone Arrow (safe; 1% risk of failure)
Confirm with . or Enter, or press ? or * to list all spells.
You don't have enough magic to cast this spell.
You aren't carrying any items that you can evoke.
Okay, then.
Okay, then.
Magic courses through your body.
Maggie zaps a wand.
The roots erupt in riotous growth!
The grasping roots grab you!
The hound is unaffected.
The grasping roots constrict you. The hound bites you.
Casting: Stone Arrow (safe; 1% risk of failure)
Confirm with . or Enter, or press ? or * to list all spells.
Aiming: Passage of Golubria (dangerous; 1% risk of failure)
Press: ? - help, Dir - move target, p - Maggie The hound bites you.
The grasping roots constrict you.
The roots grasp on you weakens, but your attempt to escape fails.
The hound bites you but does no damage. The hound barely misses you.
The centaur unwields a +0 shortbow.
The centaur closely misses you.
The centaur kicks you but does no damage.
Maggie casts a spell.
Maggie attempts to bespell you!
You are mesmerised by Maggie!
The grasping roots constrict you. The hound bites you.
The hound barely misses you.
You escape the roots grasp.
You enter the passage of Golubria.
You are no longer entranced.
A hound is nearby!
The centaur wields a +0 shortbow.
The centaur shoots an arrow.
The arrow closely misses you.
You hear a snapping sound.
It was a potion of degeneration.
There was something very wrong with that liquid.
You feel weakened.
You feel dopey.
You feel clumsy.
e - 2 potions of degeneration;
d - a viscous pink potion The centaur shoots an arrow.
The arrow hits you!
Okay, then.
Casting: Passage of Golubria (dangerous; 2% risk of failure)
Confirm with . or Enter, or press ? or * to list all spells.
Aiming: Stone Arrow (safe; 1% risk of failure)
Press: ? - help, Shift-Dir - straight line, f - hound
Aim: a hound (60% to hit)
Okay, then.
Casting: Stone Arrow (safe; 1% risk of failure)
Confirm with . or Enter, or press ? or * to list all spells.
Aiming: Stone Arrow (safe; 1% risk of failure)
Press: ? - help, Shift-Dir - straight line, f - hound
Aim: a hound (60% to hit)
The stone arrow hits the hound.
The hound is moderately wounded.
The hound bites you but does no damage.
The centaur shoots an arrow.
The arrow hits you.
HP warning!
Casting: Stone Arrow (safe; 1% risk of failure)
Confirm with . or Enter, or press ? or * to list all spells.
Aiming: Stone Arrow (safe; 1% risk of failure)
Press: ? - help, Shift-Dir - straight line, f/p - hound
Aim: a hound (moderately wounded, 60% to hit)
The stone arrow misses the hound.
The hound bites you but does no damage. x2
Casting: Stone Arrow (safe; 1% risk of failure)
Confirm with . or Enter, or press ? or * to list all spells.
Aiming: Stone Arrow (safe; 1% risk of failure)
Press: ? - help, Shift-Dir - straight line, f - centaur, p - hound
Aim: a centaur, wielding a +0 shortbow (83% to hit)
The stone arrow hits the centaur!
The centaur is heavily wounded.
The hound bites you but does no damage.
The centaur shoots an arrow.
The arrow barely misses you.
Maggie gestures wildly while chanting.
Maggie attempts to bespell you!
You easily resist.
You hear a bellow!
Casting: Stone Arrow (safe; 1% risk of failure)
Confirm with . or Enter, or press ? or * to list all spells.
Aiming: Stone Arrow (safe; 1% risk of failure)
Press: ? - help, Shift-Dir - straight line, f/p - centaur
Aim: a centaur, wielding a +0 shortbow (heavily wounded, 83% to hit)
The stone arrow hits the centaur!
The centaur is almost dead.
The hound barely misses you.
The centaur shoots an arrow.
The arrow hits you!
* * * LOW HITPOINT WARNING * * *
The hound barely misses you.
The centaur shoots an arrow.
The arrow closely misses you.
Maggie mumbles some strange words.
Maggie attempts to bespell you!
You are mesmerised by Maggie!
HP warning!
Casting: Stone Arrow (safe; 1% risk of failure)
Confirm with . or Enter, or press ? or * to list all spells.
Aiming: Stone Arrow (safe; 1% risk of failure)
Press: ? - help, Shift-Dir - straight line, f/p - centaur
Aim: a centaur, wielding a +0 shortbow (almost dead, 83% to hit)
Okay, then.
Okay, then.
Okay, then.
Okay, then.
It was a potion of haste.
You feel yourself speed up.
Cheibriados forgives your accidental hurry, just this once.
The hound closely misses you.
A yak comes into view.
The centaur shoots an arrow.
The arrow hits you!
You die...

.......[..^.............#.. ., ,
.@.###(....#@......♣.♣.......♣,,
...# #.....#.....#.....#...#. .
...# #.....#...♣....#....♣.. .#.
######.....#.#...#†....#$..#...
...........#.......♣.♣.......♣.♣.
...........#..♣.♣.......♣.♣......
............h..hh.#...#.....#...#
...............#@...♣....#.[..♣..
.............c....#...#.....#...#
####..........♣.♣.......♣.♣......
#...............♣.♣.......♣.♣.
#.........#...#....)#...#.....
#......Y....♣ ...#..).♣....#..
.....#.,.#.....#..)#..... , ....
...♣.♣...))).♣.♣. ,
.♣......)♣.♣...)..


You could see Maggie (mesmerising), a yak, a centaur, a howler monkey and 2
hounds.

Vanquished Creatures
  A two-headed ogre (D:8)
  Prince Ribbit (D:8)
  An ogre (D:4)
  A centaur (D:8)
  A kobold brigand (D:8)
  A bullfrog (D:8)
  A scorpion (D:4)
  2 wights (D:8)
  4 orc wizards
  3 adders
  An ufetubus (D:4)
  A worm (D:2)
  8 orcs
  4 ball pythons
  A bat (D:2)
  An endoplasm (D:4)
  A giant cockroach (D:1)
  5 goblins
  8 hobgoblins
  2 jackals (D:4)
  5 kobolds
  2 rats (D:2)
55 creatures vanquished.

Notes
Turn   | Place    | Note
-------+----------+-------------------------------------------
     0 | D:1      | sentinel the Meteoran Earth Elementalist began the quest
                  | for the Orb.
     0 | D:1      | Reached XP level 1. HP: 14/14 MP: 5/5
    68 | D:1      | Reached XP level 2. HP: 19/20 MP: 0/6
    81 | D:2      | Learned a level 2 spell: Passwall
   105 | D:2      | Reached XP level 3. HP: 26/26 MP: 2/8
   109 | D:2      | Learned a level 3 spell: Stone Arrow
   198 | D:2      | Reached skill level 1 in Conjurations
   240 | D:2      | Reached XP level 4. HP: 33/33 MP: 5/9
   272 | D:4      | Noticed an ogre
   275 | D:4      | Reached skill level 5 in Earth Magic
   278 | D:4      | Killed an ogre
   279 | D:4      | Reached XP level 5. HP: 33/38 MP: 4/10
   314 | D:4      | Found a staircase to the Ecumenical Temple.
   330 | Temple   | Entered the Ecumenical Temple
   406 | Temple   | Became a worshipper of Cheibriados the Contemplative
   430 | D:4      | Reached XP level 6. HP: 45/45 MP: 8/11
   527 | D:5      | Entered Level 5 of the Dungeon
   567 | D:6      | Reached skill level 5 in Conjurations
   573 | D:6      | Learned a level 4 spell: Passage of Golubria
   643 | D:8      | Reached XP level 7. HP: 27/50 MP: 3/14
   654 | D:8      | Reached * piety under Cheibriados
   668 | D:8      | Reached skill level 5 in Spellcasting
   692 | D:8      | Noticed a two-headed ogre
   696 | D:8      | Killed a two-headed ogre
   697 | D:8      | Reached skill level 5 in Translocations
   697 | D:8      | Reached XP level 8. HP: 57/57 MP: 7/19
   707 | D:8      | Gained mutation: You passively map the area around you.
                  | [Meteoran growth]
   707 | D:8      | Reached XP level 9. HP: 33/62 MP: 0/20
   717 | D:8      | Noticed Prince Ribbit
   719 | D:8      | Killed Prince Ribbit
   749 | D:8      | Noticed Maggie
   772 | D:8      | HP: 2/68 [centaur/arrow (9)]
   773 | D:8      | Shot with an arrow by a centaur

Illustrated notes

Levels and vault maps discovered:
D:1:      arrival_zaba_pyramid, layout_basic, minmay_tetromino_l2
D:2:      layout_basic, serial_shops, shop, amcnicky_mini_corridor_feature,
          uniq_terence
D:3:      layout_loops_ring, shapermc_ecumenical_altar_hornbeckon, uniq_ijyb,
          uniq_jessica, uniq_sigmund
D:4:      layout_basic, minmay_temple_entry_mist,
          chequers_serial_rivers_micro_b, uniq_edmund
D:5:      layout_basic, minitemple, gammafunk_ghost_stat_death
D:6:      layout_rooms, nicolae_figureground_sparkle, uniq_crazy_yiuf_cottage
D:7:      layout_loops_ring
D:8:      lemuel_castle_with_subvaults [lemuel_castle_interior_carwin_2],
          layout_basic, nicolae_kite_square_tiling_tiny, uniq_maggie,
          uniq_maurice, uniq_pikel, uniq_joseph, uniq_prince_ribbit1
Temple:   regret_index_temple_mists

Skill      XL: |  1  2  3  4  5  6  7  8  9 |
---------------+----------------------------+-----
Earth Magic    | 4 5 6 |  6.0
Conjurations   | 1 3 4 5 |  5.0
Spellcasting   | 4 7 |  7.0
Translocations | 5 6 7 |  7.0
Fighting       | 2 |  2.5
Dodging        | |  2.4
Stealth        | |  1.4
Transmutations | |  1.2

Action                   |  1- 3 |  4- 6 |  7- 9 || total
-------------------------+-------+-------+-------++-------
 Cast: Sandblast         |    27 |    42 |    20 ||    89
       Passwall          |     2 |     1 |     2 ||     5
       Stone Arrow       |       |     1 |    12 ||    13
       Passage of Golubr |       |       |     9 ||     9
  Use: Potion            |       |       |     3 ||     3
Armor: Robe              |     1 |     7 |    10 ||    18
Dodge: Dodged            |    11 |    24 |    21 ||    56
